 Dungeon Crawl Stone Soup version 0.31-a0-198-g2ad674f65e (webtiles) character file.

Game seed: 5132682352457723588

349 qw the Skirmisher (level 6, -1/36 HPs)
             Began as a Deep Elf Hunter on June 25, 2023.
             Was an Initiate of Okawaru.
             Slain by a yak (12 damage)
             ... on level 5 of the Dungeon.
             The game lasted 00:01:19 (3657 turns).

qw the Skirmisher (Deep Elf Hunter)                 Turns: 3657, Time: 00:01:19

Health: -1/36      AC:  8    Str: 10    XL:     6   Next: 33%
Magic:  8/8        EV:  9    Int: 14    God:    Okawaru [......]
Gold:   351        SH:  0    Dex: 18    Spells: 5/5 levels left

rFire   . . .        Y - +0 shortbow
rCold   . . .        (shield currently unavailable)
rNeg    . . .        g - +0 scale mail
rPois   .            (no helmet)
rElec   .            h - +1 cloak
rCorr   .            (no gloves)
SInv    .            (no boots)
Will    .....        (no amulet)
Stlth   +            (no ring)
HPRegen 0.26/turn    (no ring)
MPRegen 0.11/turn

%: no passive effects
@: no status effects
A: no striking features
a: Renounce Religion


You were on level 5 of the Dungeon.
You worshipped Okawaru.
Okawaru was noncommittal.
You visited 2 branches of the dungeon, and saw 6 of its levels.

You collected 351 gold pieces.


   Skills:
 - Level 2.5 Fighting
 + Level 9.0 Ranged Weapons
 - Level 1.6 Armour
 - Level 2.4 Dodging
 - Level 1.2 Stealth


You had 5 spell levels left.
You didn't know any spells.
Your spell library was empty.

Inventory:

Hand Weapons
 Y - a +0 shortbow (weapon)
Armour
 g - a +0 scale mail (worn)
 h - a +1 cloak (worn)
Scrolls
 a - a scroll of identify
 b - 2 scrolls of teleportation
Potions
 c - a potion of mutation
 e - a potion of magic {unknown}
 f - a potion of heal wounds {unknown}
 i - a potion of lignification {unknown}
 k - a potion of attraction {unknown}
 l - a potion of enlightenment {unknown}
 m - 3 potions of curing

Dungeon Overview and Level Annotations

Branches:
Dungeon (5/15)             Temple (1/1) D:5

Altars:
Ashenzari
Elyvilon
Gozag
Hepliaklqana
Kikubaaqudgha
Makhleb
Nemelex Xobeh
Okawaru
Qazlal
Ru
Sif Muna
Trog
Uskayaw
Vehumet
Wu Jian
Xom
Yredelemnul
Zin

Annotations:
D:5 1 runed translucent door, Crazy Yiuf


Message History

The black bear is severely wounded.
An ogre comes into view. It is wielding a +0 giant club.
The black bear goes berserk!
The black bear bites you. The black bear barely misses you.
The black bear claws you.
You shoot an arrow. The ogre shouts!
The arrow hits the black bear!
The black bear is almost dead.
The black bear bites you. The black bear barely misses you. x2
A shadow imp comes into view.
You shoot an arrow. The arrow hits the black bear!
You kill the black bear!
Okawaru is honoured by your kill.
Your Fighting skill increases to level 2!
You have reached level 6!
You shoot an arrow. The arrow hits the yak.
The yak is lightly wounded.
The yak closely misses you.
You shoot an arrow. The arrow hits the yak.
The yak is lightly wounded.
The yak barely misses you.
You shoot an arrow. The arrow hits the yak!
The yak is moderately wounded.
The yak gores you but does no damage. The yak gores you.
You shoot an arrow. The arrow hits the yak.
The yak is heavily wounded.
The yak gores you.
You shoot an arrow. The arrow hits the yak.
The yak is heavily wounded.
The yak barely misses you.
You shoot an arrow.
The arrow hits the yak but does no damage.
The yak is heavily wounded.
The shadow imp hits you but does no damage.
The yak gores you but does no damage.
You shoot an arrow.
The arrow hits the yak but does no damage.
The yak is heavily wounded.
The shadow imp hits you. The yak gores you!
You die...

#.#.# ..#.# # .# ..#.#
#. #. .##.# ###.### .. #
#.# #.. ..# ##. ###.#
##.# #.##o. ....# #..#
#..#o#
..########.###..#Y#.###.
..............).@5O.....
...#########....####....
.#.# #.#.## . ##.#
.....# #.# #..##.. #.#
### #..# #.# ~. #... #.#
### #.#.# #.#


You could see a yak, an ogre, a shadow imp and 2 orcs.

Vanquished Creatures
  A black bear (D:5)
  2 scorpions
  3 adders
  An adder zombie (D:2)
  An adder skeleton (D:2)
  5 dart slugs
  4 orcs
  A bat skeleton (D:2)
  A bat zombie (D:2)
  11 endoplasms
  3 giant cockroaches (D:1)
  6 goblins
  10 hobgoblins
  7 jackals
  10 kobolds
  2 quokkas
  7 ball pythons
  A ball python zombie (D:2)
  4 bats
  A quokka skeleton (D:2)
  4 rats
85 creatures vanquished.

Notes
Turn   | Place    | Note
-------+----------+-------------------------------------------
     0 | D:1      | qw the Deep Elf Hunter began the quest for the Orb.
     0 | D:1      | Reached XP level 1. HP: 12/12 MP: 3/3
     0 | D:1      | 0 ||| qw: Version: 0.3-a-22-g0ed2b0b
     0 | D:1      | 0 ||| qw: Game counter: 5020
     0 | D:1      | 0 ||| qw: Melee chars always use a shield: true
     0 | D:1      | 0 ||| qw: God list: Okawaru
     0 | D:1      | 0 ||| qw: Allow faded altars: false
     0 | D:1      | 0 ||| qw: Do Orc after clearing Dungeon:15 true
     0 | D:1      | 0 ||| qw: Do second Lair branch before Depths: true
     0 | D:1      | 0 ||| qw: Lair rune preference: random
     0 | D:1      | 0 ||| qw: Goals: Normal
     0 | D:1      | 0 ||| PLANNING D:1-11
   133 | D:1      | Reached XP level 2. HP: 16/16 MP: 4/4
   136 | D:1      | Reached skill level 6 in Ranged Weapons
   361 | D:1      | Reached XP level 3. HP: 20/20 MP: 5/5
   378 | D:1      | Found a faded altar of an unknown god.
   932 | D:1      | 932 ||| UPGRADING to +0 scale mail.
   942 | D:1      | 942 ||| DROPPING +0 leather armour.
   943 | D:1      | 943 ||| UPGRADING to +0 cloak.
   948 | D:1      | 948 ||| READING 2 scrolls labelled QAKHOO HUOSU.
   949 | D:1      | 949 ||| READING scroll labelled SIOSCH DADIHEF.
   950 | D:1      | 950 ||| READING scroll labelled QESEX TUCRO.
  1051 | D:1      | 1051 ||| READING scroll labelled KEUNAMMORAN.
  1054 | D:1      | 1054 ||| READING scroll labelled KAEVEU US GEMU.
  1055 | D:1      | 1055 ||| DROPPING scroll of butterflies.
  1069 | D:2      | Reached skill level 7 in Ranged Weapons
  1320 | D:2      | Reached XP level 4. HP: 21/25 MP: 6/6
  1320 | D:2      | 1320 ||| FLEEEEING.
  1321 | D:2      | 1321 ||| FLEEEEING.
  1322 | D:2      | 1322 ||| FLEEEEING.
  1323 | D:2      | 1323 ||| FLEEEEING.
  1324 | D:2      | 1324 ||| FLEEEEING.
  1325 | D:2      | 1325 ||| FLEEEEING.
  1326 | D:2      | 1326 ||| FLEEEEING.
  1327 | D:2      | 1327 ||| FLEEEEING.
  1911 | D:2      | 1911 ||| READING scroll labelled AGASUTICUD.
  1912 | D:2      | 1912 ||| DRINKING 2 inky potions.
  1913 | D:2      | 1913 ||| READING 2 scrolls of identify.
  1913 | D:2      | 1913 ||| IDENTIFYING glowing grey potion
  2054 | D:3      | Reached skill level 8 in Ranged Weapons
  2636 | D:3      | 2636 ||| READING scroll labelled YQOCWU NEUF.
  2772 | D:4      | Reached XP level 5. HP: 29/29 MP: 7/7
  2835 | D:4      | Reached skill level 9 in Ranged Weapons
  2919 | D:4      | 2919 ||| READING scroll of enchant armour.
  2919 | D:4      | 2919 ||| ENCHANTING +0 cloak.
  3191 | D:4      | 3191 ||| READING 2 scrolls of identify.
  3191 | D:4      | 3191 ||| IDENTIFYING green potion
  3192 | D:4      | 3192 ||| DROPPING potion of ambrosia.
  3198 | D:5      | Entered Level 5 of the Dungeon
  3215 | D:5      | Reached skill level 1 in Armour
  3227 | D:5      | Found a staircase to the Ecumenical Temple.
  3228 | D:5      | 3228 ||| PLANNING TEMPLE
  3235 | Temple   | Entered the Ecumenical Temple
  3309 | Temple   | 3309 ||| PLANNING OKAWARU WORSHIP
  3424 | Temple   | Became a worshipper of Warmaster Okawaru
  3425 | Temple   | 3425 ||| PLANNING D:1-11
  3473 | D:5      | Found a runed translucent door.
  3478 | D:5      | Noticed Crazy Yiuf
  3496 | D:5      | Identified the +2 hammer of Massacring {freeze, *Corrode
                  | Str+4 Int+4}
  3498 | D:5      | Identified the +4 hammer "Udal Pou" {heavy, Dex+3}
  3645 | D:5      | Noticed a yak
  3645 | D:5      | Noticed a black bear
  3648 | D:5      | Noticed an ogre
  3650 | D:5      | Killed a black bear
  3651 | D:5      | Reached XP level 6. HP: 18/36 MP: 8/8
  3657 | D:5      | Slain by a yak

Levels and vault maps discovered:
D:1:      lemuel_arrival_river_ford, layout_basic,
          hellmonk_ecumenical_altar_lost_god, st_stairs_8
D:2:      layout_basic, serial_undead, serial_undead_d, serial_undead_e,
          serial_undead_f, serial_undead_a, minmay_misc_feat_rows,
          chequers_serial_rivers_small_3, hangedman_decor_push, st_stairs_5
D:3:      layout_loops_ring, roderic_lattice_a
D:4:      layout_rooms, kennysheep_nondescript
D:5:      layout_loops_corners, minmay_temple_entry_trees, serial_aquarium,
          aquarium_bridge_square [aquarium_subvault_bridge,
          aquarium_subvault_wall, aquarium_subvault_balcony,
          aquarium_subvault_bridge], aquarium_bridge_square
          [aquarium_subvault_bridge, aquarium_subvault_window,
          aquarium_subvault_wall, aquarium_subvault_bridge],
          aquarium_window_fake, aquarium_window_1, aquarium_window_fake,
          aquarium_view_2f, aquarium_balcony_3b, ebering_ghost_sewer_f,
          minmay_manual_macuahuitl, uniq_blork_the_orc, uniq_crazy_yiuf_cottage,
          uniq_edmund
Temple:   regret_index_temple_mists

Skill      XL: |  1  2  3  4  5 |
---------------+----------------+-----
Ranged Weapons | 6 7 8 9 |  9.0
Armour         | 1 |  1.6
Fighting       | 2 |  2.5
Dodging        | |  2.4
Stealth        | |  1.2

Action                     |  1- 3 |  4- 6 || total
---------------------------+-------+-------++-------
   Fire: Shortbow          |   132 |   131 ||   263
    Use: Scroll            |     5 |     5 ||    10
         Potion            |       |     1 ||     1
 Armour: Leather armour    |     8 |       ||     8
         Scale mail        |    19 |    39 ||    58
  Dodge: Dodged            |    34 |    31 ||    65

Table legend:
 A = Non-vault XP
 B = Vault XP
 C = Vault XP percentage of total XP
 D = Non-vault monster count
 E = Vault monster count
 F = Vault count percentage of total count
                 A         B        C        D         E       F
            +---------+---------+-------+---------+---------+-------
      Total |     466 |      33 |   6.6 |      76 |       9 |  10.6
            +---------+---------+-------+---------+---------+-------
        D:1 |      61 |       1 |   1.6 |      28 |       1 |   3.4
        D:2 |      51 |      32 |  38.6 |      22 |       8 |  26.7
        D:3 |      38 |       0 |   0.0 |      13 |       0 |   0.0
        D:4 |     104 |       0 |   0.0 |      11 |       0 |   0.0
        D:5 |     212 |       0 |   0.0 |       2 |       0 |   0.0
            +---------+---------+-------+---------+---------+-------
